 Dungeon Crawl Stone Soup version 0.30-a0-297-g0ec75d9ef4 (webtiles) character file.

Game seed: 10868911826302692704

527 Lobster4 the Digger (level 7, 0/66 HPs)
             Began as a Troll Earth Elementalist on Oct 19, 2022.
             Was a Follower of Uskayaw.
             Killed from afar by Blork the orc (8 damage)
             ... with a puff of frost
             ... on level 5 of the Dungeon.
             The game lasted 00:09:15 (3368 turns).

Lobster4 the Digger (Troll Earth Elementalist)      Turns: 3368, Time: 00:09:16

Health: 0/66       AC:  5    Str: 19    XL:     7   Next: 2%
Magic:  5/9        EV: 10    Int: 11    God:    Uskayaw [*.....]
Gold:   177        SH:  0    Dex: 10    Spells: 9/10 levels left

rFire   + . .      SeeInvis +      - Unarmed
rCold   . . .      Faith    .    (no shield)
rNeg    . . .      Spirit   .    a - +0 robe
rPois   .          Reflect  .    (helmet restricted)
rElec   .          Harm     .    x - +0 cloak
rCorr   .          Rampage  .    (gloves unavailable)
Will    .....                    (boots unavailable)
Stlth   +.........               (no amulet)
HPRegen 1.11/turn                d - ring of see invisible
MPRegen 0.11/turn                v - ring of protection from fire

@: hasted, very quick
A: large, unfitting armour, claws 3, regeneration 1, shaggy fur 1, tough skin 1
a: Renounce Religion, Stomp


You were on level 5 of the Dungeon.
You worshipped Uskayaw.
Uskayaw was noncommittal.
You visited 1 branch of the dungeon, and saw 5 of its levels.

You collected 177 gold pieces.

Inventory:

Hand Weapons
 c - a +0 mace
Missiles
 f - 20 stones
 j - 2 silver boomerangs
 t - 2 silver javelins
Armour
 a - a +0 robe (worn)
 r - a +0 tower shield
 x - a +0 cloak (worn)
 D - an orb of mayhem
Jewellery
 d - a ring of see invisible (left claw)
 e - a ring of fire
 o - a ring of magical power
 p - a ring of see invisible
 v - a ring of protection from fire (right claw)
 w - a ring of fire
 y - a ring of resist corrosion
Wands
 C - a wand of iceblast (4)
Scrolls
 g - a scroll of magic mapping {unknown}
 h - 2 scrolls of poison {unknown}
 i - a scroll of immolation {unknown}
 k - a scroll of vulnerability {unknown}
 l - a scroll of teleportation {unknown}
 n - a scroll of enchant armour {unknown}
 q - a scroll of fog {unknown}
 A - a scroll of identify
 E - a scroll of amnesia {unknown}
Potions
 b - a potion of magic
 m - 2 potions of lignification {unknown}
 s - 2 potions of curing
 u - 2 potions of ambrosia
 B - a potion of might {unknown}


   Skills:
 + Level 2.5 Fighting
 - Level 2.0 Dodging
 - Level 1.0 Stealth
 + Level 3.1 Unarmed Combat
 - Level 2.0 Spellcasting
 + Level 2.4 Transmutations
 + Level 4.1 Earth Magic


You had 9 spell levels left.
You knew the following spells:

 Your Spells              Type           Power      Damage    Failure   Level
a - Sandblast             Erth           20%        2d7       5%          1

Your spell library contained the following spells:

 Spells                   Type           Power      Damage    Failure   Level
 Passwall                 Tmut/Erth      6%         N/A       12%         2
 Apportation              Tloc           2%         N/A       28%         1
 Stone Arrow              Conj/Erth      10%        3d7       36%         3
 Petrify                  Tmut/Erth      8%         N/A       58%         4
 Animate Armour           Summ/Erth      10%        N/A       77%         4
 Blade Hands              Tmut           3%         N/A       96%         5
 Alistair's Intoxication  Tmut/Pois      2%         N/A       99%         5
 Iron Shot                Conj/Erth      2%         9d2       100%        6


Dungeon Overview and Level Annotations

Branches:
Dungeon (5/15)
 Temple: D:4-7

Altars:
Uskayaw
Zin

Annotations:
D:5 Blork the orc


Innate Abilities, Weirdness & Mutations

You are too large for most types of armour.
You have claws for hands.
Your natural rate of healing is unusually fast.
You are covered in fur. (AC +1)
You have tough skin. (AC +1)


Message History

You closely miss Blork the orc.
Blork the orc is moderately wounded.
Blork the orc hits you with a +0 long sword!
You closely miss Blork the orc.
Blork the orc is moderately wounded.
Blork the orc barely misses you.
You barely miss Blork the orc.
Blork the orc is moderately wounded.
Blork the orc closely misses you.
You scratch Blork the orc but do no damage.
Blork the orc is moderately wounded.
Blork the orc hits you with a +0 long sword!
* * * LOW HITPOINT WARNING * * *
You claw Blork the orc!
Blork the orc is severely wounded.
Blork the orc barely misses you.
You barely miss Blork the orc.
Blork the orc is severely wounded.
Blork the orc looks angry.
Blork the orc hits you with a +0 long sword!
* * * LOW HITPOINT WARNING * * *
You closely miss Blork the orc.
Blork the orc is severely wounded.
Blork the orc hits you but does no damage.
Aiming: Line Pass
Press: ? - help, Dir - move target Blork the orc appears confused.
You can no longer pass through a line of other dancers.
You see here a scorpion corpse.
Blork the orc seems less confused.
Blork the orc casts a cantrip, but nothing happens.
You barely miss Blork the orc.
Blork the orc is severely wounded.
Blork the orc hits you with a +0 long sword.
* * * LOW HITPOINT WARNING * * *
You scratch Blork the orc.
Blork the orc is severely wounded.
Blork the orc gestures at you while chanting.
The puff of frost hits you!
You die...

##..... #.....###
#....... #.....###.#.#
###. #
#........?o.#..... #..
##....###.#. ....#
#...##......#####....#
#.......†....'.......#
#......@.....#.......#
#......o.....#.......#
#...##.......#.......#
#... #.......#.......#
#.. .........#.......+
# .........#.......#
..........#.......#
...........#.......#
#.......#


You could see Blork the orc (fast).

Vanquished Creatures
  A water moccasin (D:4)
  A black bear (D:5)
  A scorpion (D:5)
  A hound (D:5)
  3 iguanas
  3 gnolls (D:5)
  5 adders
  3 worms (D:2)
  2 dart slugs
  3 orcs
  15 ball pythons
  5 endoplasms
  5 giant cockroaches
  5 goblins
  5 hobgoblins
  11 jackals
  6 kobolds
  3 quokkas
  6 bats
  A frilled lizard (D:2)
  5 rats
90 creatures vanquished.

Notes
Turn   | Place    | Note
-------+----------+-------------------------------------------
     0 | D:1      | Lobster4 the Troll Earth Elementalist began the quest for
                  | the Orb.
     0 | D:1      | Reached XP level 1. HP: 16/16 MP: 1/1
   112 | D:1      | Reached XP level 2. HP: 24/24 MP: 3/3
   358 | D:1      | Reached skill level 1 in Transmutations
   539 | D:1      | Reached XP level 3. HP: 28/32 MP: 4/4
   788 | D:2      | Reached skill level 1 in Unarmed Combat
   851 | D:2      | Reached skill level 1 in Fighting
   941 | D:2      | Reached skill level 3 in Earth Magic
  1105 | D:2      | Reached XP level 4. HP: 41/41 MP: 5/5
  2334 | D:4      | Reached XP level 5. HP: 30/48 MP: 6/6
  2399 | D:4      | Noticed a water moccasin
  2408 | D:4      | Killed a water moccasin
  2409 | D:4      | Reached XP level 6. HP: 50/57 MP: 0/8
  2476 | D:4      | Found a hide-covered altar of Uskayaw.
  2564 | D:4      | Became a worshipper of Uskayaw the Reveller
  2851 | D:4      | Reached * piety under Uskayaw
  3008 | D:4      | Found a glowing silver altar of Zin.
  3071 | D:5      | Entered Level 5 of the Dungeon
  3091 | D:5      | Reached ** piety under Uskayaw
  3139 | D:5      | Reached *** piety under Uskayaw
  3287 | D:5      | Reached skill level 4 in Earth Magic
  3339 | D:5      | Noticed Blork the orc
  3351 | D:5      | Reached XP level 7. HP: 37/66 MP: 9/9
  3368 | D:5      | Killed from afar by Blork the orc

Illustrated notes

Levels and vault maps discovered:
D:1:      lightli_arrival_chessboard, layout_basic
D:2:      layout_loops_ring, chequers_serial_rivers_micro_c, minmay_heptomino_h4
D:3:      layout_loops_ring
D:4:      layout_basic, lemuel_tele_altar, mainiacjoe_overflow_chevrons,
          hangedman_abyss_or_decor_stagger, minmay_bent
D:5:      layout_gridville, hangedman_decor_points, grunt_decor_fettered,
          uniq_blork_the_orc

Skill      XL: |  1  2  3  4  5  6 |
---------------+-------------------+-----
Transmutations | 1 2 |  2.4
Dodging        | 2 |  2.0
Unarmed Combat | 1 2 3 |  3.1
Fighting       | 1 2 |  2.5
Earth Magic    | 3 4 |  4.1
Spellcasting   | 2 |  2.0
Stealth        | |  1.0

Action                   |  1- 3 |  4- 6 |  7- 9 || total
-------------------------+-------+-------+-------++-------
Melee: Unarmed           |   138 |   151 |    13 ||   302
       Punch             |     2 |     3 |       ||     5
Throw: Boomerang         |       |     4 |       ||     4
 Cast: Sandblast         |       |     6 |       ||     6
Invok: Line Pass         |       |     1 |     1 ||     2
  Use: Scroll            |       |     5 |       ||     5
       Potion            |       |     1 |       ||     1
 Stab: Sleeping          |     1 |     2 |       ||     3
       Distracted        |       |     1 |       ||     1
       Confused          |       |     1 |       ||     1
       Paralysed         |       |     1 |       ||     1
Armor: Robe              |    56 |    52 |     2 ||   110
Dodge: Dodged            |    78 |    92 |     5 ||   175

Table legend: (Time is in decaauts)
 A = Elapsed time spent in this place.
 B = Non-inter-level travel time spent in this place.
 C = Inter-level travel time spent in this place.
 D = Time resting spent in this place.
 E = Time spent auto-exploring this place.
 F = Levels seen in this place.
 G = Mean time per level.
                   A        B        C        D        E       F      G
               +--------+--------+--------+--------+--------+-----+--------+
         Total |   3356 |   3202 |    154 |    108 |   2332 |   5 |  671.2 |
       Dungeon |   3356 |   3202 |    154 |    108 |   2332 |   5 |  671.2 |
               +--------+--------+--------+--------+--------+-----+--------+

Top non-repeatable levels by time:
     D:2: 844 daAuts
     D:4: 813 daAuts
     D:1: 733 daAuts
     D:3: 677 daAuts
     D:5: 288 daAuts
